 Dungeon Crawl Stone Soup version 0.22.1-2-g9c5b331 (console) character file.

8269 verb the Cleaver (level 11, -3/145 HPs)
             Began as a Pale Draconian Berserker on Dec 23, 2018.
             Was a High Priest of Trog.
             Splashed by a brown ugly thing's acid (10 damage)
             ... on level 11 of the Dungeon.
             The game lasted 01:17:23 (9165 turns).

verb the Cleaver (Pale Draconian Berserker)         Turns: 9165, Time: 01:17:23

Health: -3/145     AC: -1    Str: 26    XL:     11   Next: 7%
Magic:  11/11      EV: 17    Int:  7    God:    Trog [*****.]
Gold:   386        SH:  0    Dex: 13    Spells: 10/10 levels left

rFire    . . .     SeeInvis .   j - +1 hand axe (flame)
rCold    . . .     Gourm    .   (no shield)
rNeg     . . .     Faith    .   (armour unavailable)
rPois    +         Spirit   .   p - +2 hat
rElec    .         Reflect  .   s - +0 cloak
rCorr    .         Harm     .   e - +0 pair of gloves
MR       .....                  (no boots)
Stlth    ..........             D - amulet of regeneration
HPRegen  0.74/turn              A - ring of stealth
MPRegen  0.12/turn              E - ring of poison resistance

@: berserking (expiring), corroded, very quick
A: breathe steam, unfitting armour, cold-blooded, AC +7
a: Breathe Steam, Berserk, Trog's Hand, Brothers in Arms, Renounce Religion


You were on level 11 of the Dungeon.
You worshipped Trog.
Trog was extremely pleased with you.
You were very hungry.

You visited 1 branch of the dungeon, and saw 11 of its levels.

You collected 566 gold pieces.
You spent 180 gold pieces at shops.

Inventory:

Hand Weapons
 a - a +3 hand axe
 j - a +1 hand axe of flaming (weapon)
Missiles
 o - 9 javelins (quivered)
 t - 13 tomahawks
 I - 4 large rocks
Armour
 e - a +0 pair of gloves (worn)
 p - a +2 hat (worn)
 s - a +0 cloak (worn)
Jewellery
 f - an uncursed ring of attention
 k - an uncursed amulet of rage
 l - an uncursed amulet of magic regeneration
 m - an uncursed ring of magical power
 x - an uncursed ring of see invisible
 y - an uncursed ring of magical power
 A - a ring of stealth (left hand)
 D - an amulet of regeneration (around neck)
 E - a ring of poison resistance (right hand)
Wands
 z - a wand of random effects (15)
 H - a wand of iceblast (8)
Scrolls
 n - 3 scrolls of identify
 q - a scroll of fog
 r - 2 scrolls of remove curse
 v - a scroll of teleportation
 C - a scroll of amnesia
 G - a scroll of magic mapping
Potions
 c - a potion of heal wounds
 d - a potion of might
 h - a potion of cancellation
 i - 2 potions of agility
 u - 2 potions of haste
 w - 2 potions of brilliance
 B - a potion of lignification
Miscellaneous
 g - a crystal ball of energy
Comestibles
 b - 8 rations
 F - 7 chunks of flesh


   Skills:
 + Level 9.4 Fighting
   Level 2.8 Long Blades
 + Level 11.4 Axes
 + Level 2.2 Throwing
 + Level 8.2 Dodging
 + Level 4.2 Stealth
 + Level 0.8 Evocations


You had 10 spell levels left.
You didn't know any spells.
Your spell library was empty.

Dungeon Overview and Level Annotations

Branches:
Dungeon (11/15)            Temple (0/1) D:5            Lair (0/6) D:8
    Orc: D:9-12

Altars:
Gozag
Qazlal
Ru
Wu Jian
Yredelemnul
Zin
The Shining One

Shops:
D:7 =

Annotations:
D:7 1 exclusion


Innate Abilities, Weirdness & Mutations

You can breathe blasts of scalding, opaque steam.
Your pale cyan-grey scales are hard. (AC +7)
You cannot fit into any form of body armour.
You are cold-blooded and may be slowed by cold attacks.


Message History

You are splashed with acid!
The acid burns!
* * * LOW HITPOINT WARNING * * *
You barely miss the brown ugly thing.
Your tail-slap misses the brown ugly thing.
The brown ugly thing is heavily wounded.
You barely miss the brown ugly thing.
The brown ugly thing is heavily wounded.
The brown ugly thing bites you.
* * * LOW HITPOINT WARNING * * *
The acid corrodes you!
You are splashed with acid!
The acid burns!
* * * LOW HITPOINT WARNING * * *
You are too berserk!
You slash the brown ugly thing! You burn the brown ugly thing.
The brown ugly thing is severely wounded.
You hit the brown ugly thing. You burn the brown ugly thing.
The brown ugly thing is almost dead.
The brown ugly thing bites you.
* * * LOW HITPOINT WARNING * * *
You are splashed with acid!
The acid burns!
You die...

#.# ###.### #.# #.# #.#
#.# #.########## #.#
#..........# #.# #
#..#######<#####.# # #..#
#.#.....# # #..#
#.#.##### #
###..#######.#.# #
#.....u........# #
#.#..@....##...# #
####.##.####.##..(# #
...........#.##..$#######
.###.##.##.#......%......
# #.# ####...####### ..#
#...# # ... .....# # ####
###.... . ###### #


You could see a brown ugly thing.

Vanquished Creatures
  Erica (D:8)
  Pikel (D:5)
  A cyclops (D:11)
  2 centaur zombies (D:11)
  A gargoyle (D:10)
  Prince Ribbit (D:5)
  Grinder (D:5)
  A hornet (D:8)
  A shadow (D:11)
  Eustachio (D:5)
  A wyvern (D:10)
  A hungry ghost (D:9)
  A water moccasin (D:10)
  Duvessa (D:6)
  2 ice beasts
  3 orc warriors
  A slave (D:5)
  A hornet zombie (D:8)
  3 sky beasts
  7 ogres
  A phantom (D:6)
  2 centaurs
  A big kobold (D:7)
  Blork the orc (D:4)
  6 bullfrogs
  Dowan (D:6)
  A water moccasin zombie (D:7)
  2 scorpions
  5 killer bees (D:10)
  A wyvern skeleton (D:7)
  A howler monkey (D:8)
  A crimson imp (D:4)
  6 jellies
  6 orc priests
  13 orc wizards
  2 bullfrog skeletons
  A gnoll shaman (D:7)
  10 hounds
  2 centaur skeletons
  An iguana (D:7)
  7 worker ants
  A killer bee zombie (D:9)
  A hound zombie (D:6)
  A hound skeleton (D:8)
  9 adders
  8 gnolls
  3 shadow imps
  5 oozes (D:8)
  2 adder skeletons
  An adder zombie (D:5)
  3 worms
  A dart slug (D:2)
  6 leopard geckos
  35 orcs
  A ball python (D:5)
  3 giant cockroaches
  5 hobgoblins
  20 jackals
  8 kobolds
  3 quokkas
  7 bats
  4 frilled lizards
  7 goblins
  A jackal skeleton (D:4)
  A jackal zombie (D:6)
  9 rats
  A fungus (D:1)
  A plant (D:2)
250 creatures vanquished.

Vanquished Creatures (others)
  An orc wizard (D:7)
  An adder skeleton (D:5)
  3 orcs (D:5)
5 creatures vanquished.

Grand Total: 255 creatures vanquished

Notes
Turn   | Place    | Note
-------+----------+-------------------------------------------
     0 | D:1      | verb the Draconian Berserker began the quest for the Orb.
     0 | D:1      | Reached XP level 1. HP: 19/19 MP: 1/1
   300 | D:1      | Reached XP level 2. HP: 19/26 MP: 2/2
   540 | D:1      | Reached ** piety under Trog
   726 | D:1      | You fall through a shaft!
   741 | D:2      | Reached XP level 3. HP: 33/33 MP: 3/3
   985 | D:2      | Reached skill level 4 in Axes
   985 | D:2      | Reached XP level 4. HP: 25/40 MP: 4/4
  1227 | D:2      | Found a faded altar of an unknown god.
  1758 | D:3      | Reached *** piety under Trog
  1758 | D:3      | Reached XP level 5. HP: 46/46 MP: 5/5
  2033 | D:3      | Reached skill level 1 in Long Blades
  2411 | D:3      | Found a stormy altar of Qazlal.
  2487 | D:3      | Found an ornate altar of the Wu Jian Council.
  2754 | D:3      | Found a sacrificial altar of Ru.
  2861 | D:4      | Noticed Blork the orc
  2874 | D:4      | Killed Blork the orc
  2874 | D:4      | Reached XP level 6. HP: 47/53 MP: 6/6
  3314 | D:4      | Found an opulent altar of Gozag.
  3507 | D:5      | Entered Level 5 of the Dungeon
  3523 | D:5      | Found a staircase to the Ecumenical Temple.
  3651 | D:5      | Reached skill level 5 in Axes
  3708 | D:5      | Reached skill level 5 in Fighting
  3713 | D:5      | Your scales start taking on a pale cyan-grey colour.
  3713 | D:5      | Reached XP level 7. HP: 61/61 MP: 7/7
  3770 | D:5      | Noticed Grinder
  3774 | D:5      | Paralysed by Grinder for 6 turns
  3782 | D:5      | Killed Grinder
  3782 | D:5      | Reached skill level 1 in Stealth
  3835 | D:5      | Noticed Pikel
  3844 | D:5      | Killed Pikel
  3844 | D:5      | Reached skill level 6 in Axes
  3844 | D:5      | Reached skill level 5 in Dodging
  3844 | D:5      | Reached XP level 8. HP: 59/70 MP: 8/8
  4164 | D:5      | Noticed Prince Ribbit
  4173 | D:5      | Killed Prince Ribbit
  4173 | D:5      | Reached skill level 7 in Axes
  4221 | D:5      | Noticed Eustachio
  4235 | D:5      | Killed Eustachio
  4430 | D:6      | Reached **** piety under Trog
  4458 | D:6      | Reached skill level 8 in Axes
  4527 | D:6      | Noticed Dowan
  4531 | D:6      | Noticed Duvessa
  4539 | D:6      | Killed Duvessa
  4539 | D:6      | Reached XP level 9. HP: 79/79 MP: 9/9
  4542 | D:6      | Killed Dowan
  4664 | D:6      | Found a glowing golden altar of the Shining One.
  4928 | D:6      | Reached skill level 1 in Throwing
  5314 | D:7      | Reached skill level 9 in Axes
  5366 | D:7      | Found a basalt altar of Yredelemnul.
  5472 | D:7      | HP: 3/80 [orc warrior/hand axe (12)]
  5476 | D:7      | Reached ***** piety under Trog
  5525 | D:7      | Found a glowing silver altar of Zin.
  5672 | D:7      | Found Vefuetei's Jewellery Emporium.
  5680 | D:7      | Bought an uncursed ring of see invisible for 180 gold
                  | pieces
  6121 | D:8      | Noticed Erica
  6156 | D:8      | Killed Erica
  6156 | D:8      | Reached skill level 10 in Axes
  6156 | D:8      | Reached XP level 10. HP: 36/88 MP: 10/10
  6571 | D:8      | Found a staircase to the Lair.
  7290 | D:9      | Found Saxuxzaz's Jewellery Boutique.
  7684 | D:10     | Entered Level 10 of the Dungeon
  7978 | D:10     | Noticed a gargoyle
  8005 | D:10     | Killed a gargoyle
  8005 | D:10     | Reached skill level 11 in Axes
  9019 | D:11     | Noticed a brown ugly thing
  9060 | D:11     | Noticed a cyclops
  9080 | D:11     | Killed a cyclops
  9080 | D:11     | Reached XP level 11. HP: 97/97 MP: 11/11
  9165 | D:11     | HP: 7/145 [brown ugly thing (4)]
  9165 | D:11     | Splashed by a brown ugly thing's acid

Skill      XL: |  1  2  3  4  5  6  7  8  9 10 |
---------------+-------------------------------+-----
Dodging        | 3 4 5 7 8 |  8.2
Fighting       | 4 5 6 7 8 9 |  9.4
Axes           | 4 5 6 8 10 11 | 11.4
Long Blades    | 2 |  2.8
Stealth        | 1 2 4 |  4.2
Throwing       | 1 2 |  2.2
Evocations     | |  0.8

Action                   |  1- 3 |  4- 6 |  7- 9 | 10-12 || total
-------------------------+-------+-------+-------+-------++-------
Melee: Hand axe          |   106 |    90 |   253 |   338 ||   787
       Tailslap          |     7 |    32 |    39 |    67 ||   145
       Falchion          |       |    95 |       |       ||    95
Throw: Javelin           |       |       |     8 |     9 ||    17
Invok: Berserk           |     3 |     6 |    10 |     7 ||    26
 Abil: Breathe Steam     |       |       |     3 |     1 ||     4
Evoke: Wand              |       |       |     3 |     2 ||     5
  Use: Scroll            |     2 |     5 |     2 |     6 ||    15
       Potion            |       |     4 |     7 |    13 ||    24
 Stab: Sleeping          |       |       |     1 |     5 ||     6
  Eat: Chunk             |     2 |     8 |    10 |    12 ||    32
       Ration            |       |     2 |     2 |     2 ||     6
Armor: Skin              |    36 |    51 |    71 |    62 ||   220
Dodge: Dodged            |    71 |   141 |   169 |   240 ||   621
       Rpst.: Falchion   |       |    34 |       |       ||    34
